Map: Divergence LE

Players

whiskynoob - Winner!

  • Race: Protoss Protoss
  • Spawn Location: 5:00

RageKit - Winner!

  • Race: Zerg Zerg
  • League: Platinum
  • Spawn Location: 5:00

Massa

  • Race: Terran Terran
  • League: Gold
  • Spawn Location: 11:00

qqq

  • Race: Protoss Protoss
  • Spawn Location: 11:00

VOD

Have the link to the VOD?

Description

Time

  • Played on: June 27, 2020, 8:12 a.m.
  • Length: 6:51
Show
View Real Time Build Order
Export as new Build Order

whiskynoob Protoss - Winner!

Build Orders: Oracle Opening 

Get SALT Encoding   

  12  0:02  Probe  
  13  0:14  Probe  
  13  0:20  Assimilator  
  14  0:26  Probe  
  15  0:29  Pylon  
  15  0:39  Assimilator  
  15  0:49  Probe, Gateway  
  16  0:58  Probe  
  17  1:41  Cybernetics Core  
  17  1:46  Pylon  
  17  2:07  Probe  
  18  2:17  Stargate  
  18  2:19  Probe, Stargate  
  18  2:20  Pylon  
  19  2:31  Probe  
  19  2:55  Oracle x2  
  24  3:18  Probe  
  25  3:30  Probe  
  25  3:31  Protoss Air Weapons Level 1  
  26  3:47  Void Ray  
  30  4:16  Void Ray  
  34  4:56  Void Ray  
  38  5:16  Pylon  
  38  5:18  Pylon  
  38  5:54  Void Ray x2  
  43  6:11  Nexus  
  43  6:21  Assimilator  
  43  6:26  Assimilator  
  43  6:29  Pylon  
Show
View Real Time Build Order
Export as new Build Order

RageKit Zerg - Winner!

Build Orders: Pool First 

Get SALT Encoding   

  12  0:01  Drone  
  13  0:11  Drone  
  14  0:26  Spawning Pool  
  13  0:35  Overlord  
  13  0:37  Drone  
  14  0:43  Extractor, Drone  
  15  1:14  Zergling x6  
  15  1:15  Queen  
  20  1:25  Zergling x2  
  21  1:39  Extractor  
  20  1:40  Drone  
  21  2:00  Drone  
  22  2:03  Overlord  
  22  2:08  Hatchery  
  22  2:13  Drone  
  22  2:18  Overlord  
  22  2:35  Overlord  
  22  2:36  Drone  
  22  2:37  Drone x2  
  25  2:47  Metabolic Boost  
  24  3:13  Drone x5  
  29  3:24  Overlord x2  
  29  3:27  Extractor, Lair  
  28  3:50  Zergling x2  
  28  3:51  Zergling x12  
  35  3:57  Drone x2, Queen  
  39  4:10  Drone x2  
  41  4:21  Drone x5  
  43  4:39  Drone  
  43  4:40  Drone x2  
  46  4:45  Drone  
  46  4:51  Drone  
  47  4:58  Drone  
  47  4:59  Drone  
  48  5:06  Hatchery  
  42  5:48  Drone x12  
  54  5:52  Queen  
  56  6:01  Evolution Chamber  
  56  6:03  Evolution Chamber  
  54  6:04  Drone x2, Hydralisk Den  
  54  6:07  Extractor  
  54  6:08  Extractor  
  53  6:17  Overlord x2  
  53  6:20  Spore Crawler  
  53  6:24  Spore Crawler  
  51  6:41  Roach Warren  
Show
View Real Time Build Order
Export as new Build Order

Massa Terran 

Build Orders:  

Get SALT Encoding   

  12  0:03  SCV  
  13  0:16  Supply Depot  
  13  0:18  SCV  
  14  0:30  SCV  
  15  0:39  Barracks  
  15  0:43  SCV  
  16  0:55  SCV  
  17  1:07  Barracks  
  17  1:08  SCV  
  18  1:26  Supply Depot  
  18  1:30  SCV  
  19  1:35  Refinery  
  19  1:42  Refinery, SCV  
  20  1:56  Marine  
  21  2:01  Barracks  
  21  2:04  Orbital Command  
  21  2:05  Marine  
  22  2:14  Marine  
  23  2:23  Marine  
  24  2:31  Marine  
  25  2:41  Bunker  
  25  2:49  Marine  
  22  3:14  Marine  
  22  3:19  Command Center  
  22  3:31  Marine  
  23  3:41  SCV  
  23  3:43  Factory  
  24  3:49  Marine  
  24  3:53  SCV  
  24  3:55  Supply Depot  
  26  3:58  Supply Depot  
  26  3:59  Barracks  
  26  4:07  Marine  
  27  4:25  Marine  
  29  4:38  Hellion  
  29  4:43  Marine  
  25  4:56  Bunker  
  24  5:00  Hellion, Marine  
  16  5:10  Marine  
  13  5:18  Marine  
  13  5:27  SCV, Marine  
  10  5:36  Marine  
  10  5:39  SCV  
  12  5:45  Marine  
  13  5:50  Barracks Tech Lab  
  13  5:52  SCV  
  13  5:54  Marine  
  15  5:57  SCV  
  15  6:03  Marine  
  15  6:04  SCV  
  18  6:08  Engineering Bay  
  18  6:09  SCV  
  19  6:16  SCV  
  20  6:21  SCV  
  21  6:28  SCV  
Show
View Real Time Build Order
Export as new Build Order

qqq Protoss 

Build Orders: Cannon Rush 

Get SALT Encoding   

  12  0:03  Probe  
  13  0:15  Probe  
  13  0:18  Pylon  
  14  0:27  Probe  
  15  0:39  Probe  
  16  0:43  Pylon  
  16  0:51  Pylon  
  16  1:00  Forge  
  16  1:09  Gateway  
  16  1:13  Probe  
  17  1:38  Photon Cannon  
  17  1:42  Photon Cannon  
  17  1:50  Photon Cannon  
  17  1:51  Pylon  
  16  2:08  Cybernetics Core  
  16  2:12  Assimilator  
  16  2:17  Assimilator  
  16  2:31  Pylon  
  16  2:33  Pylon  
  16  2:41  Pylon  
  16  2:48  Probe  
  17  3:00  Probe  
  17  3:02  Photon Cannon  
  18  3:12  Probe  
  19  3:17  Photon Cannon  
  19  3:24  Probe  
  20  3:36  Probe  
  20  3:41  Photon Cannon  
  21  3:48  Probe  
  21  4:01  Probe, Stargate  
  10  4:13  Probe  
  11  4:25  Probe  
  12  4:37  Probe  
  7  4:56  Phoenix  
  9  5:11  Probe  
  10  5:24  Probe  
  11  5:43  Probe  
  12  5:53  Probe  
  13  6:01  Probe  
  13  6:09  Probe  
  15  6:22  Probe  
  16  6:32  Nexus  
  16  6:37  Probe  
Tags
 
Add a new tag
Caveats
  • Supply blocks, unpowered buildings, or Contaminate may cause inaccurate times.
  • Supply counts are checked every 10 seconds.